 Dungeon Crawl Stone Soup version 0.24-a0-282-g1a68c91 (webtiles) character file.

Game seed: 2025402132601261431

7 mhoghedin the Vexing (level 1, -1/13 HPs)
             Began as a Vampire Enchanter on May 3, 2019.
             Slain by a jackal (3 damage)
             ... on level 1 of the Dungeon.
             The game lasted 00:01:34 (291 turns).

mhoghedin the Vexing (Vampire Enchanter)             Turns: 291, Time: 00:01:35

Health: -1/13      AC:  2    Str:  7    XL:     1   Next: 83%
Magic:  0/3        EV: 12    Int: 17    God:
Gold:   23         SH:  0    Dex: 14    Spells: 3/4 levels left

rFire    + . .     SeeInvis +   a - +1 dagger
rCold    + . .     Gourm    .   (no shield)
rNeg     + . .     Faith    .   b - +0 robe
rPois    +         Spirit   .   (no helmet)
rElec    +         Reflect  .   (no cloak)
rCorr    +         Harm     .   (no gloves)
MR       .....                  (no boots)
Stlth    +++.......             (no amulet)
HPRegen  0.04/turn              (no ring)
MPRegen  0.08/turn              (no ring)

@: resistant
A: fangs 3, see invisible, unbreathing
a: no special abilities


You were on level 1 of the Dungeon.
You were not thirsty.

You visited 1 branch of the dungeon, and saw 1 of its levels.

You collected 23 gold pieces.

Inventory:

Hand Weapons
 a - a +1 dagger (weapon)
Armour
 b - a +0 robe (worn)
 e - a +0 hat
   (You found it on level 1 of the Dungeon)
Potions
 d - 2 potions of blood {@q1}


   Skills:
 - Level 1.1 Short Blades
 - Level 2.1 Dodging
 + Level 4.8 Stealth
 - Level 2.0 Spellcasting
 + Level 4.8 Hexes


You had 3 spell levels left.
You knew the following spells:

 Your Spells              Type           Power        Failure   Level  Hunger
v - Corona                Hex            ###....      2%          1    #......

Your spell library contained the following spells:

 Spells                   Type           Power        Failure   Level  Hunger
 Confuse                  Hex            ###.....     9%          3    ###....
 Tukima's Dance           Hex            ###.....     9%          3    ###....
 Ensorcelled Hibernation  Hex/Ice        #.....       11%         2    ###....
 Dazzling Spray           Conj/Hex       #.....       22%         3    ###....


Dungeon Overview and Level Annotations

Branches:
Dungeon (1/15)

Altars:


Innate Abilities, Weirdness & Mutations

You have razor-sharp teeth.
You have supernaturally acute eyesight. (SInv)
You can survive without breathing.


Message History

You see here a fizzy coppery potion.
The hobgoblin shouts!
You see here a fizzy coppery potion.
c - a fizzy coppery potion A frilled lizard comes into view.
You see here 11 gold pieces.
You see here 8 gold pieces.
You see here 4 gold pieces.
You closely miss the hobgoblin. The hobgoblin barely misses you.
You barely miss the hobgoblin.
The hobgoblin hits you with a cursed -2 club.
You take 1 damage, and have 12/13 hp.
You hit the hobgoblin.
The hobgoblin hits you with a cursed -2 club.
You take 3 damage, and have 9/13 hp.
MASSIVE DAMAGE!!
You hit the hobgoblin. The hobgoblin misses you.
You barely miss the hobgoblin. You hit the hobgoblin.
You kill the hobgoblin!
You start resting.
Health restored: 13 You see here a cursed -2 club.
You now have 4 gold pieces.
You now have 12 gold pieces (gained 8).
You now have 23 gold pieces (gained 11).
You see here a cursed -2 club.
e - a hat 3 jackals come into view.
A jackal comes into view.
It was a potion of resistance.
You feel protected. The jackal completely misses you. The jackal misses you.
You hit the jackal but do no damage. The jackal bites you.
You take 1 damage, and have 12/13 hp.
You barely miss the jackal. The jackal bites you.
You take 1 damage, and have 11/13 hp.
You hit the jackal but do no damage. The jackal bites you.
The jackal barely misses you.
You take 1 damage, and have 10/13 hp.
The jackal barks!
You hit the jackal. Your bite misses the jackal. The jackal barely misses you.
You hit the jackal but do no damage. The jackal closely misses you.
You closely miss the jackal. The jackal completely misses you.
You hit the jackal but do no damage. Your bite misses the jackal.
The jackal bites you but does no damage.
The jackal closely misses you.
You hit the jackal. The jackal closely misses you.
You barely miss the jackal. The jackal closely misses you.
You hit the jackal. You bite the jackal. The jackal misses you.
The jackal bites you.
You take 1 damage, and have 9/13 hp.
You don't know that spell.
You don't know that spell.
Unknown command.
Unknown command.
Aim: a jackal (severely wounded, chance to defeat MR: 71%)
The jackal is outlined in light.
The jackal barely misses you.
You now have 2/3 mp.
You barely miss the jackal. The jackal closely misses you.
You hit the jackal.
You kill the jackal!
You barely miss the jackal. The jackal misses you.
Aim: a jackal (chance to defeat MR: 71%)
The jackal is outlined in light.
The jackal misses you. The jackal barely misses you.
You now have 1/3 mp.
You completely miss the jackal.
The jackal bites you but does no damage.
You hit the jackal but do no damage. You bite the jackal, but do no damage.
The jackal bites you but does no damage.
You hit the jackal. Your bite misses the jackal. The jackal bites you.
The jackal stops to sniff the ground.
The jackal closely misses you.
You take 2 damage, and have 8/13 hp.
You hit the jackal but do no damage. The jackal bites you.
You take 2 damage, and have 6/13 hp.
You barely miss the jackal. The jackal bites you.
You take 2 damage, and have 4/13 hp.
You hit the jackal. You bite the jackal. The jackal closely misses you.
The jackal bites you.
* * * LOW HITPOINT WARNING * * *
You take 1 damage, and have 3/13 hp.
Unknown command.
Unknown command.
You hit the jackal but do no damage. The jackal bites you.
* * * LOW HITPOINT WARNING * * *
You take 1 damage, and have 2/13 hp.
You barely miss the jackal.
The jackal stops glowing.
The jackal closely misses you.
You aren't carrying any scrolls.
Aim: a jackal (almost dead, chance to defeat MR: 71%)
The jackal is outlined in light.
The jackal bites you but does no damage. x2
You hit the jackal.
You kill the jackal!
You hit the jackal. Your bite misses the jackal. The jackal closely misses you.
Aim: a jackal (severely wounded, chance to defeat MR: 73%)
The jackal is outlined in light.
The jackal bites you.
You die...

#.# ..## #.# #.#
S. #.# #.# ...
####.####
#.......#
#.##.##.#
#.##..#.#
#.###.#.#########
#.###.#.#.@hh...#
#.......#.#####.#
#####.....#
#####.# #.# #.#
#.. ###


You could see 2 jackals.

Vanquished Creatures
  A hobgoblin (D:1)
  2 jackals (D:1)
  2 kobolds (D:1)
5 creatures vanquished.

Notes
Turn   | Place    | Note
-------+----------+-------------------------------------------
     0 | D:1      | mhoghedin the Vampire Enchanter began the quest for the
                  | Orb.
     0 | D:1      | Reached XP level 1. HP: 13/13 MP: 3/3
   285 | D:1      | HP: 3/13 [jackal (1)]
   291 | D:1      | Slain by a jackal

Levels and vault maps discovered:
D:1:      mrwooster_arrival_statue, layout_loops_cross

Action                   || total
-------------------------++-------
Melee: Dagger            ||    36
       Bite              ||     3
 Cast: Corona            ||     4
  Use: Potion            ||     1
Armor: Robe              ||     5
Dodge: Dodged            ||    28

Table legend:
 A = Non-vault XP
 B = Vault XP
 C = Vault XP percentage of total XP
 D = Non-vault monster count
 E = Vault monster count
 F = Vault count percentage of total count
                 A         B        C        D         E       F
            +---------+---------+-------+---------+---------+-------
      Total |      10 |       0 |   0.0 |       5 |       0 |   0.0
            +---------+---------+-------+---------+---------+-------
        D:1 |      10 |       0 |   0.0 |       5 |       0 |   0.0
            +---------+---------+-------+---------+---------+-------

Levels and vault maps discovered:
D:1:      mrwooster_arrival_statue, layout_loops_cross

Table legend:
 A = Turns spent in this place as a percentage of turns spent in the entire game.
 B = Non-inter-level travel turns spent in this place as a percentage of non-inter-level travel turns spent in the entire game.
 C = Inter-level travel turns spent in this place as a percentage of turns spent in this place.
 D = Turns resting spent in this place as a percentage of non-inter-level travel turns spent in this place.
 E = Turns spent auto-exploring this place as a percentage of non-inter-level travel turns spent in this place.
 F = Non-inter-level travel turns spent in this place divided by the number of levels of this place that you've seen.
                   A       B       C       D       E      F
               +-------+-------+-------+-------+-------+----------------------
         Total | 100.0 | 100.0 |   0.0 |  54.3 |  12.4 | 291.0
       Dungeon | 100.0 | 100.0 |   0.0 |  54.3 |  12.4 | 291.0
               +-------+-------+-------+-------+-------+----------------------

Table legend:
 A = Kills in this place as a percentage of kills in entire the game.
 B = Kills by you in this place as a percentage of kills by you in the entire game.
 C = Kills by friends in this place as a percentage of kills by friends in the entire game.
 D = Other kills in this place as a percentage of other kills in the entire game.
 E = Experience gained in this place as a percentage of experience gained in the entire game.
 F = Experience gained in this place divided by the number of levels of this place that you have seen.
                   A       B       C       D       E      F
               +-------+-------+-------+-------+-------+----------------------
         Total | 100.0 | 100.0 |   N/A |   N/A | 100.0 |  10.0
       Dungeon | 100.0 | 100.0 |   N/A |   N/A | 100.0 |  10.0
               +-------+-------+-------+-------+-------+----------------------
